 Dungeon Crawl Stone Soup version 0.28-a0-407-g69098e2f6d (webtiles) character file.

Game seed: 13896462649747095734

126631 dolemite99 the Severer (level 16, 0/145 HPs)
             Began as a Hill Orc Fighter on Sept 5, 2021.
             Was a Believer of Beogh.
             Slain by a salamander tyrant (2 damage)
             ... on level 3 of the Snake Pit on Sept 6, 2021.
             The game lasted 01:09:21 (46800 turns).

dolemite99 the Severer (Hill Orc Fighter)          Turns: 46800, Time: 01:09:22

Health: 0/145      AC: 34    Str: 26    XL:     16   Next: 99%
Magic:  0/27       EV:  6    Int:  8    God:    Beogh [**....]
Gold:   268        SH:  0    Dex: 10    Spells: 11/15 levels left

rFire   + . .      SeeInvis .   a - +1 broad axe (flame)
rCold   + . .      Faith    .   (no shield)
rNeg    . . .      Spirit   +   y - +4 gold dragon scales
rPois   +          Reflect  .   (no helmet)
rElec   .          Harm     .   I - +2 cloak
rCorr   .          Rampage  .   D - +2 pair of gloves
Will    ++...                   (no boots)
Stlth   ..........              F - amulet of guardian spirit
HPRegen 0.34/turn               R - +4 ring of protection
MPRegen 0.20/turn               z - ring of willpower {=R}

@: weakened
A: no striking features
a: Renounce Religion, Smiting


You were on level 3 of the Snake Pit.
You worshipped Beogh.
Beogh was pleased with you.
You visited 4 branches of the dungeon, and saw 26 of its levels.

You collected 2584 gold pieces.
You spent 2316 gold pieces at shops.

Inventory:

Hand Weapons
 a - a +1 broad axe of flaming (weapon)
 b - a +2 longbow of freezing
 k - a +4 hunting sling
 m - a +2 war axe of draining
 o - a +0 battleaxe
 p - a +3 longbow of flaming
 B - the +7 dagger "Eviscerator" {flame, rElec Stlth+}
   (You found it on level 5 of the Dungeon)

   It burns those it strikes, dealing additional fire damage.
   rElec:     It insulates you from electricity.
   Stlth:     It makes you more stealthy.
 C - a +2 glaive
 K - a +2 dagger of venom
 N - a +3 morningstar
 V - a +3 trident of protection
Missiles
 e - 769 stones (quivered)
 r - 5 curare-tipped darts
 w - 80 poisoned darts
 G - 671 arrows
 J - 22 boomerangs
 L - 67 sling bullets
Armour
 y - +4 gold dragon scales (worn)
 D - a +2 pair of gloves (worn)
 I - a +2 cloak (worn)
Jewellery
 c - a ring of wizardry
 h - a ring of ice
 z - a ring of willpower (right hand) {=R}
 F - an amulet of guardian spirit (around neck)
 R - a +4 ring of protection (left hand)
 S - a ring of positive energy
Wands
 g - a wand of charming (9)
 v - a wand of flame (127)
Scrolls
 d - 10 scrolls of teleportation
 f - 14 scrolls of identify {@r1}
 i - 5 scrolls of holy word
 s - a scroll of fog
 u - 2 scrolls of immolation
Potions
 j - 3 potions of cancellation
 q - 8 potions of lignification
 t - 5 potions of ambrosia
 A - 9 potions of attraction
 E - a potion of flight
 P - 3 potions of brilliance
Miscellaneous
 n - a phial of floods (inert)
 x - a phial of floods (inert)
 O - a tin of tremorstones (inert)


   Skills:
 + Level 13.9 Fighting
 - Level 18.0 Axes
 - Level 6.0 Slings
 + Level 12.2 Bows
 - Level 13.4 Armour
 - Level 4.0 Shields
 + Level 15.7 Invocations
 - Level 6.5 Evocations


You had 11 spell levels left.
You knew the following spells:

 Your Spells              Type           Power      Damage    Failure   Level
a - Animate Skeleton      Necr           0%         N/A       100%        1
b - Blink                 Tloc           N/A        N/A       100%        2
c - Apportation           Tloc           0%         N/A       100%        1

Your spell library contained the following spells:

 Spells                   Type           Power      Damage    Failure   Level
 Beastly Appendage        Tmut           0%         N/A       100%        1
 Magic Dart               Conj           0%         1d3       100%        1
 Pain                     Necr           0%         1d4       100%        1
 Call Imp                 Summ           0%         N/A       100%        2
 Corpse Rot               Necr/Air       N/A        N/A       100%        2
 Ensorcelled Hibernation  Hex/Ice        0%         N/A       100%        2
 Slow                     Hex            0%         N/A       100%        2
 Static Discharge         Conj/Air       0%         N/A       100%        2
 Wereblood                Tmut           0%         N/A       100%        2
 Confusing Touch          Hex            0%         N/A       100%        3
 Inner Flame              Hex/Fire       0%         N/A       100%        3
 Lesser Beckoning         Tloc           0%         N/A       100%        3
 Mephitic Cloud           Conj/Pois/Air  0%         N/A       100%        3
 Spider Form              Tmut/Pois      0%         N/A       100%        3
 Vampiric Draining        Necr           0%         2d6       100%        3
 Cause Fear               Hex            0%         N/A       100%        4
 Dispel Undead            Necr           0%         3d6       100%        4
 Leda's Liquefaction      Hex/Erth       0%         N/A       100%        4
 Passage of Golubria      Tloc           N/A        N/A       100%        4
 Petrify                  Tmut/Erth      0%         N/A       100%        4
 Alistair's Intoxication  Tmut/Pois      0%         N/A       100%        5
 Lee's Rapid Deconstruct  Erth           0%         3d5*      100%        5
 Lightning Bolt           Conj/Air       0%         1d11      100%        5
 Manifold Assault         Tloc           0%         N/A       100%        5
 Metabolic Englaciation   Hex/Ice        0%         N/A       100%        5
 Silence                  Hex/Air        0%         N/A       100%        5
 Summon Forest            Summ/Tloc      0%         N/A       100%        5
 Yara's Violent Unravell  Hex/Tmut       0%         3d3       100%        5
 Death Channel            Necr           0%         N/A       100%        6
 Eringya's Noxious Bog    Tmut/Pois      0%         N/A       100%        6
 Invisibility             Hex            0%         N/A       100%        6
 Statue Form              Tmut/Erth      0%         N/A       100%        6
 Summon Hydra             Summ           0%         N/A       100%        7
 Discord                  Hex            0%         N/A       100%        8
 Lehudib's Crystal Spear  Conj/Erth      0%         10d2      100%        8
 Maxwell's Capacitive Co  Air            0%         ∞         100%        8


Dungeon Overview and Level Annotations

Branches:
Dungeon (15/15)            Temple (0/1) D:7            Lair (6/6) D:9
 Shoals (0/4) Lair:4        Snake (3/4) Lair:2        Slime (0/5) Lair:6
    Orc (2/2) D:12            Elf (0/3) Orc:2        Vaults (0/5) D:14
 Depths (0/5) D:15

Altars:
Ashenzari
Cheibriados
Dithmenos
Elyvilon
Fedhas
Hepliaklqana
Kikubaaqudgha
Nemelex Xobeh
Okawaru
Ru
Wu Jian
Yredelemnul
Zin
Beogh
Jiyva

Shops:
D:1 (((!   D:7 (   Orc:2 *:([   Snake:1 **(   Snake:2 =:=

Portals:
Trove: D:14 (give +3 gold dragon scales)

Annotations:
D:5 1 runed translucent door
Snake:2 exclusion: oklob plant, Urug


Message History

The salamander tyrant barely misses you.
You closely miss the salamander.
The salamander is severely wounded.
You hit the salamander mystic. You slash the salamander tyrant!
The salamander mystic hits you but does no damage.
Your gold dragon scales prevents you from hitting the salamander.
The salamander is severely wounded.
You hit the salamander mystic. You hit the salamander tyrant.
The salamander hits you!
* * * LOW HITPOINT WARNING * * *
You are engulfed in flames.
You resist.
* * * LOW HITPOINT WARNING * * *
The salamander tyrant barely misses you.
The salamander hits you but does no damage.
You slash the salamander mystic!
The salamander mystic is almost dead.
Your gold dragon scales prevents you from hitting the salamander tyrant.
You hit the salamander.
The salamander mystic hits you but does no damage.
The salamander tyrant gazes fiercely through you!
You feel as though you will be weak longer.
The salamander tyrant hits you but does no damage.
The salamander hits you.
* * * LOW HITPOINT WARNING * * *
You are engulfed in flames.
You resist.
* * * LOW HITPOINT WARNING * * *
You hit the salamander tyrant.
The salamander tyrant is almost dead.
You hit the salamander mystic.
You kill the salamander mystic!
Beogh accepts your kill.
You hit the salamander but do no damage.
The salamander hits you but does no damage.
You hit the salamander but do no damage.
The salamander is severely wounded.
You hit the salamander tyrant but do no damage.
The salamander tyrant gazes fiercely through you!
You feel as though you will be weak longer.
The salamander tyrant hits you.
You die...

. ..... .
#....# # .....#
# #( .....# ..
#†( (....## ##
. .. ......#
#...#.##N.....#
#....N@)#
#########


You could see a salamander tyrant and a salamander (fast).

Vanquished Creatures
  Kirke (D:12)
  Frances (D:13)
  Nessos (D:12)
  Fannar (Lair:2)
  A salamander tyrant (Snake:3)
  5 naga warriors
  Erolcha (D:12)
  An ogre mage (D:15)
  9 anacondas
  6 hydras
  2 boulder beetles (D:13)
  5 centaur warriors
  7 death yaks
  9 two-headed ogres
  An orc high priest (Orc:2)
  Nergalle (D:11)
  3 naga sharpshooters (Snake:3)
  5 shock serpents
  3 salamander mystics (Snake:3)
  Sonja (D:11)
  A naga ritualist (Snake:3)
  3 deep elf pyromancers
  A necromancer (D:15)
  5 mana vipers
  An orc sorcerer (Orc:1)
  2 manticores
  2 guardian serpents (Snake:2)
  An ugly thing (D:11)
  9 elephants
  A stone giant skeleton (D:15)
  2 merfolk sirens (Lair:4)
  14 black mambas
  6 salamanders
  Joseph (D:7)
  3 naga magi
  5 torpor snails
  A gargoyle (D:14)
  10 cane toads
  Psyche (D:10)
  4 rime drakes
  10 komodo dragons
  5 yaktaurs (D:11)
  An efreet (D:14)
  A guardian mummy (D:15)
  5 trolls
  A meliai (shapeshifter) (D:14)
  10 polar bears
  A wolf spider simulacrum (D:14)
  7 hornets (Lair:6)
  Prince Ribbit (D:6)
  10 slime creatures
  2 merfolk (Lair:4)
  A deep troll zombie (D:15)
  10 blink frogs
  A dream sheep (Lair:6)
  2 wyverns
  A vampire (D:13)
  2 shadows
  2 wraiths
  16 spriggans (Lair:6)
  7 vampire mosquitoes
  61 yaks
  4 basilisks
  3 acid dragons
  27 nagas
  14 water moccasins
  13 orc warriors
  A sky beast (D:6)
  2 black bears
  4 ogres
  22 wolves
  3 boggarts (Lair:6)
  9 centaurs
  A phantom (D:6)
  A kobold brigand (D:11)
  Blork the orc (D:5)
  12 bullfrogs
  3 scorpions
  A water moccasin skeleton (D:4)
  7 killer bees
  3 wights (D:8)
  6 howler monkeys
  11 centaur zombies
  2 iron imps
  4 bullfrog zombies (D:7)
  15 orc priests
  Crazy Yiuf (D:6)
  A gnoll shaman (D:4)
  7 iguanas
  Jessica (D:3)
  15 orc wizards
  A hell rat (Lair:5)
  A polar bear simulacrum (Lair:1)
  3 killer bee zombies
  A hound skeleton (D:4)
  3 howler monkey zombies
  13 gnolls
  16 adders
  2 white imps
  An ufetubus (D:4)
  An adder zombie (D:5)
  2 adder skeletons
  A dart slug (D:4)
  40 orcs
  6 ball pythons
  4 bats
  10 endoplasms
  A giant cockroach (D:2)
  13 goblins
  8 hobgoblins
  4 jackals (D:4)
  12 kobolds
  5 quokkas
  2 frilled lizards
  A jackal skeleton (D:4)
  4 rats
643 creatures vanquished.

Vanquished Creatures (collateral kills)
  An orc warlord (Orc:2)
  Snorg (Orc:2)
  2 naga warriors (Snake:2)
  2 hydras
  A rakshasa (D:14)
  3 vault guards (D:14)
  A centaur warrior (D:13)
  2 boulder beetles (D:14)
  5 two-headed ogres
  A vampire mage (D:15)
  3 naga sharpshooters
  3 naga ritualists
  A deep elf pyromancer (Orc:1)
  An orc sorcerer (Orc:1)
  2 mana vipers (Snake:1)
  A deep elf zephyrmancer (Orc:1)
  A stone giant zombie (D:15)
  4 orc knights
  2 cyclopes
  2 salamanders
  6 black mambas
  4 naga magi
  An efreet (D:14)
  A guardian mummy (D:15)
  A hornet (shapeshifter) (D:14)
  A slime creature (D:15)
  An ettin zombie (D:15)
  2 hogs (D:12)
  A vampire mosquito (D:13)
  4 nagas (Snake:2)
  7 orc warriors
  A swamp drake (Orc:1)
  A wolf (Lair:6)
  9 ogres
  2 centaurs
  A crimson imp (Orc:1)
  5 orc priests
  8 orc wizards
  7 gnolls (Orc:2)
  A shadow imp (Orc:1)
  8 orcs
111 creatures vanquished.

Vanquished Creatures (others)
  Urug (Snake:2)
  An orc knight (Orc:2)
  An orc sorcerer (Orc:2)
  3 humans (D:12)
  7 orc wizards
  5 orc warriors
  6 orc priests
  17 orcs
  78 fungi
  152 plants
  A withered plant (D:15)
272 creatures vanquished.

Grand Total: 1026 creatures vanquished

Notes
Turn   | Place    | Note
-------+----------+-------------------------------------------
     0 | D:1      | dolemite99 the Hill Orc Fighter began the quest for the
                  | Orb.
     0 | D:1      | Reached XP level 1. HP: 19/19 MP: 1/1
    60 | D:1      | Reached skill level 3 in Axes
   562 | D:1      | Found a faded altar of an unknown god.
   576 | D:1      | Reached XP level 2. HP: 26/26 MP: 2/2
   608 | D:1      | Found Tial's Antique Weapon Shop.
   620 | D:1      | Found Haplopeal's Antique Weapon Shoppe.
   772 | D:1      | Found Pore Ygu's Antique Weapon Shop.
   788 | D:1      | Reached skill level 4 in Axes
  1251 | D:1      | Found Tiq Hog's Distillery.
  1461 | D:1      | Reached XP level 3. HP: 31/31 MP: 3/3
  2113 | D:2      | Reached skill level 5 in Axes
  2423 | D:2      | Reached XP level 4. HP: 24/39 MP: 4/4
  3299 | D:2      | Became a worshipper of Beogh the Brigand
  3581 | D:2      | Reached skill level 6 in Axes
  4267 | D:1      | Bought a potion of curing for 42 gold pieces
  4421 | D:3      | Noticed Jessica
  4426 | D:3      | Killed Jessica
  4427 | D:3      | Reached XP level 5. HP: 40/45 MP: 5/5
  4458 | D:3      | Reached skill level 7 in Axes
  5032 | D:3      | Reached skill level 8 in Axes
  5032 | D:3      | Reached XP level 6. HP: 51/51 MP: 6/6
  5314 | D:3      | Reached skill level 9 in Axes
  5962 | D:3      | Found a hazy altar of Hepliaklqana.
  6050 | D:3      | Found a sacrificial altar of Ru.
  6549 | D:4      | Reached * piety under Beogh
  6565 | D:4      | Reached XP level 7. HP: 57/57 MP: 7/7
  7031 | D:4      | Reached skill level 10 in Axes
  7339 | D:4      | Reached skill level 11 in Axes
  7475 | D:4      | Found an iron altar of Okawaru.
  7580 | D:1      | Bought a potion of invisibility for 112 gold pieces
  7980 | D:4      | Found a glowing silver altar of Zin.
  7980 | D:4      | Found an ornate altar of the Wu Jian Council.
  8134 | D:5      | Entered Level 5 of the Dungeon
  8254 | D:5      | Reached XP level 8. HP: 64/64 MP: 8/8
  8293 | D:5      | Found a snail-covered altar of Cheibriados.
  8360 | D:5      | Noticed Blork the orc
  8360 | D:5      | Noticed a shadow
  8383 | D:5      | Killed Blork the orc
  8384 | D:5      | Reached skill level 12 in Axes
  8394 | D:5      | Killed a shadow
  8886 | D:5      | Found an ancient bone altar of Kikubaaqudgha.
  8918 | D:5      | Reached ** piety under Beogh
  9117 | D:5      | Identified the +7 dagger "Eviscerator" {flame, rElec
                  | Stlth+}
  9132 | D:5      | Reached skill level 5 in Fighting
  9163 | D:5      | Found a runed translucent door.
  9309 | D:5      | Noticed a vampire
  9745 | D:6      | Reached skill level 1 in Invocations
 10018 | D:6      | Reached XP level 9. HP: 62/74 MP: 10/13
 10234 | D:6      | Noticed Prince Ribbit
 10816 | D:6      | Found a runed translucent door.
 10817 | D:6      | Noticed Crazy Yiuf
 10821 | D:6      | Killed Crazy Yiuf
 10893 | D:6      | Killed Prince Ribbit
 11005 | D:7      | Found Upuumn's Antique Weapon Shop.
 11111 | D:7      | Found a basalt altar of Yredelemnul.
 11313 | D:7      | Found a white marble altar of Elyvilon.
 11313 | D:7      | Found a sparkling altar of Nemelex Xobeh.
 11313 | D:7      | Found a blossoming altar of Fedhas.
 11558 | D:1      | Bought a potion of curing for 42 gold pieces
 11558 | D:1      | Bought a potion of curing for 42 gold pieces
 11558 | D:1      | Bought a potion of lignification for 42 gold pieces
 11558 | D:1      | Bought a potion of lignification for 42 gold pieces
 11796 | D:7      | Noticed Joseph
 11803 | D:7      | Paralysed by Joseph for 7 turns
 11804 | D:7      | Reached skill level 5 in Armour
 11815 | D:7      | Killed Joseph
 12357 | D:7      | Found a staircase to the Ecumenical Temple.
 12528 | D:8      | Reached XP level 10. HP: 81/81 MP: 16/16
 12696 | D:8      | Found a shadowy altar of Dithmenos.
 12766 | D:8      | Reached skill level 1 in Evocations
 12769 | D:8      | Reached skill level 1 in Slings
 13472 | D:8      | Noticed a two-headed ogre
 13485 | D:8      | Killed a two-headed ogre
 13657 | D:9      | Noticed a centaur warrior
 13659 | D:9      | Noticed a two-headed ogre
 13664 | D:8      | Killed a centaur warrior
 13830 | D:9      | Killed a two-headed ogre
 13831 | D:9      | Reached skill level 5 in Slings
 13831 | D:9      | Reached skill level 5 in Evocations
 14100 | D:9      | Reached XP level 11. HP: 77/88 MP: 14/17
 14190 | D:9      | Found a staircase to the Lair.
 14358 | D:9      | Reached *** piety under Beogh
 14996 | D:9      | Noticed a six-headed hydra
 14998 | D:9      | Noticed a centaur warrior
 15000 | D:9      | Noticed a centaur warrior
 15001 | D:9      | Noticed a centaur warrior
 15032 | D:9      | Noticed a two-headed ogre
 15262 | D:10     | Entered Level 10 of the Dungeon
 15296 | D:10     | Reached skill level 13 in Axes
 15324 | D:10     | Noticed Psyche
 15326 | D:10     | Killed Psyche
 15808 | D:10     | Found a broken altar of Ashenzari.
 16426 | D:10     | Noticed a two-headed ogre
 16435 | D:10     | Killed a two-headed ogre
 16436 | D:10     | Reached skill level 14 in Axes
 16764 | D:11     | You fall into a shaft and drop 3 floors!
 16766 | D:14     | Noticed a manticore
 16770 | D:14     | Killed a manticore
 17008 | D:14     | Noticed a two-headed ogre
 17025 | D:14     | Killed a two-headed ogre
 17337 | D:14     | Noticed a centaur warrior
 17337 | D:14     | Noticed a deep elf pyromancer
 17339 | D:14     | Killed a centaur warrior
 17340 | D:14     | Reached XP level 12. HP: 89/101 MP: 9/18
 17531 | D:14     | Found a portal to a secret trove of treasure.
 17568 | D:14     | Found a gate to the Vaults.
 17568 | D:14     | Noticed a rakshasa
 17568 | D:14     | Noticed a six-headed hydra
 17568 | D:14     | Noticed a vault guard
 17568 | D:14     | Noticed a vault guard
 17568 | D:14     | Noticed a vault guard
 17568 | D:14     | Noticed a centaur warrior
 17568 | D:14     | Noticed a vault guard
 17568 | D:14     | Noticed a boulder beetle
 17568 | D:14     | Noticed a two-headed ogre
 17568 | D:14     | Noticed a centaur warrior
 17645 | D:13     | Reached skill level 15 in Axes
 17656 | D:13     | HP: 4/101 [large slime creature (21)]
 18128 | D:13     | Noticed a five-headed hydra
 18311 | D:13     | Killed a five-headed hydra
 18394 | D:13     | Noticed a boulder beetle
 18413 | D:13     | Killed a boulder beetle
 18429 | D:13     | Noticed a boulder beetle
 18456 | D:13     | Killed a boulder beetle
 18580 | D:12     | Reached skill level 16 in Axes
 18592 | D:12     | Noticed Erolcha
 18597 | D:12     | Killed Erolcha
 19015 | D:11     | Noticed Nergalle
 19100 | Lair:1   | Entered Level 1 of the Lair of Beasts
 19292 | D:1      | Bought a glowing longbow for 247 gold pieces
 19574 | Lair:1   | Reached skill level 1 in Bows
 20412 | Lair:2   | Noticed Fannar
 20418 | Lair:2   | Killed Fannar
 20589 | Lair:2   | Reached XP level 13. HP: 111/111 MP: 20/20
 21067 | Lair:2   | Reached skill level 5 in Bows
 21081 | Lair:2   | Reached skill level 10 in Invocations
 21304 | Lair:2   | Found a staircase to the Snake Pit.
 24276 | Lair:4   | Found a staircase to the Shoals.
 26287 | Lair:5   | Reached XP level 14. HP: 118/118 MP: 24/24
 26647 | Lair:5   | Reached skill level 10 in Armour
 26950 | Lair:5   | Reached skill level 10 in Fighting
 27244 | Lair:6   | Entered Level 6 of the Lair of Beasts
 27692 | Lair:6   | Found a viscous altar of Jiyva.
 27692 | Lair:6   | Found a staircase to the Slime Pits.
 28502 | Lair:6   | Paralysed by a hornet for 3 turns
 30573 | D:11     | Killed Nergalle
 30576 | D:11     | Reached skill level 17 in Axes
 30928 | D:11     | Reached XP level 15. HP: 52/130 MP: 11/25
 31478 | D:11     | Noticed Sonja
 31481 | D:11     | Killed Sonja
 31977 | D:11     | Noticed Urug
 32712 | D:12     | Found a staircase to the Orcish Mines.
 32774 | D:12     | Noticed Nessos
 32783 | D:12     | Killed Nessos
 33033 | D:12     | Noticed Kirke
 33041 | D:12     | Killed Kirke
 33042 | D:12     | Reached skill level 18 in Axes
 33961 | Orc:1    | Entered Level 1 of the Orcish Mines
 34794 | Orc:2    | Entered Level 2 of the Orcish Mines
 34794 | Orc:2    | Found a staircase to the Elven Halls.
 35194 | Orc:2    | Reached skill level 10 in Bows
 35195 | Orc:2    | Reached **** piety under Beogh
 35342 | Orc:2    | Noticed an orc warlord
 35348 | Orc:2    | Killed an orc warlord
 35419 | Orc:2    | Found a roughly hewn altar of Beogh.
 35437 | Orc:2    | Found Joatrigo's Antique Weapon Shop.
 35551 | Orc:2    | Found Myengomp's General Store.
 35628 | Orc:2    | Bought +2 gold dragon scales for 1012 gold pieces
 35725 | Orc:2    | Found Juruon's Antique Armour Shop.
 36045 | Orc:2    | Found Caoprak's Book Shop.
 36285 | Orc:2    | Noticed Snorg
 36300 | Orc:2    | Killed Snorg
 37296 | Orc:2    | Bought a ring of willpower for 275 gold pieces
 37686 | D:13     | Noticed Frances
 37695 | D:13     | Killed Frances
 38121 | D:13     | Learned a level 1 spell: Animate Skeleton
 39595 | D:15     | Entered Level 15 of the Dungeon
 40232 | D:15     | Found a staircase to the Depths.
 40238 | D:15     | Reached XP level 16. HP: 96/139 MP: 18/27
 40246 | D:15     | Reached skill level 15 in Invocations
 40684 | D:15     | Found an iron altar of Okawaru.
 40947 | Orc:2    | Bought a book of Spatial Translocations for 390 gold pieces
 40951 | Orc:2    | Learned a level 2 spell: Blink
 41288 | Snake:1  | Entered Level 1 of the Snake Pit
 41638 | Snake:1  | Found Gonompop's Antique Weapon Boutique.
 41642 | Snake:1  | Found Jeqaorch's General Store.
 42216 | Snake:1  | Found Jyem's Assorted Antiques.
 42443 | Snake:1  | Bought a scroll of fog for 70 gold pieces
 43237 | Snake:2  | Your ally died
 44728 | Snake:2  | Found an ancient bone altar of Kikubaaqudgha.
 45922 | Snake:2  | Found Saysk's Jewellery Boutique.
 45922 | Snake:2  | Found Zearoep's Book Shoppe.
 45924 | Snake:2  | Found Tullua Vergho's Jewellery Boutique.
 46711 | Snake:3  | Learned a level 1 spell: Apportation
 46798 | Snake:3  | HP: 6/145 [salamander (4)]
 46798 | Snake:3  | HP: 2/145 [salamander (4)]
 46800 | Snake:3  | Slain by a salamander tyrant

Illustrated notes

Levels and vault maps discovered:
D:1:      lightli_arrival_flooded_house, layout_loops_cross,
          hellmonk_ecumenical_altar_blasted, serial_shops,
          nicolae_shop_statue_plus, nicolae_shop_behind_doors, shop,
          nicolae_shop_behind_doors, chequers_serial_rivers_micro_c
D:2:      layout_loops_corners, nrook_campfire, amcnicky_mini_pool_small
D:3:      layout_rooms, mainiacjoe_overflow_alcove_4, general_overflow_altar,
          kennysheep_crisscross, nrook_mini_backslash, minmay_snake_closets,
          uniq_jessica
D:4:      minmay_chambers_of_threes, layout_basic, overflow_temple_1_default,
          gammafunk_temple_overflow_elements
D:5:      kennysheep_big_flooded_room, layout_basic, kiku_gazebo_garden_becter,
          chei_slow_surprise, ebering_ghost_reflecting_pool, grunt_ministairs_9,
          minmay_starry_boxes, uniq_blork_the_orc
D:6:      layout_loops_ring, minmay_misc_feat_pillars, uniq_prince_ribbit1,
          uniq_crazy_yiuf_cottage
D:7:      layout_rooms, nicolae_yredelemnul_corpse_copse,
          gammafunk_temple_overflow_claw, temple_hall, serial_shops,
          shop_statue, minivault_1, uniq_joseph
D:8:      layout_gridville, grunt_dithmenos_smoke, minmay_checkerbox
D:9:      layout_loops_ring, due_lair_maze_entry_diamond, st_stairs_11,
          onia_ninara_dug_in_and_dangerous
D:10:     layout_loops_ring, ashenzari_altar_1, minivault_25, uniq_psyche
D:11:     layout_basic, uniq_nergalle, uniq_sonja, uniq_urug
D:12:     layout_basic, erik_orc_3, uniq_erolcha, uniq_nessos, uniq_kirke
D:13:     layout_basic, uniq_frances
D:14:     layout_basic, lightli_vaults_fourway_checkpoint,
          nicolae_trove_entry_isolated, minmay_misc_feat_columns
D:15:     gammafunk_depths_entry_grave, layout_rooms, okawaru_gym_becter
Lair:1:   layout_roguey, portal_ice_cave_entry_ice_simulacra,
          columned_hall_lemuel
Lair:2:   layout_hall_layers, minmay_snake_entry_guardpost_medium,
          serial_forest, infiniplex_forest_pool, infiniplex_forest_lined_2,
          infiniplex_forest_clump_large, infiniplex_forest_clump_curved,
          infiniplex_forest_lined_3, infiniplex_forest_straight_2,
          infiniplex_forest_clump_C, infiniplex_forest_end_2,
          infiniplex_forest_lined_2, infiniplex_forest_end_1, uniq_fannar
Lair:3:   layout_cave_pods
Lair:4:   layout_regular_city, elwin_shoals_entry_stream, lemuel_fruit_fields
Lair:5:   layout_long_grid, minmay_shattered_shrine
Lair:6:   minmay_lair_end_enchanted_forest, layout_small_grid, slime_altar_1,
          wad_woods_road_05, grunt_megastairs_3, lemuel_fruit_tree,
          serial_bayou_shore_b
Snake:1:  layout_onion_interference, serial_shops, shop, minmay_shop_star
Snake:2:  layout_onion, lemuel_oklob_altar, grunt_megastairs_1,
          minmay_shop_grove
Snake:3:  layout_misc_corridors, st_stairs_8, grunt_megastairs_2,
          serial_bayou_shore_b
Orc:1:    layout_diamond_mine, nicolae_orc_rockfall, nicolae_orc_jurassic_orc,
          hangedman_minor_magic
Orc:2:    grunt_orc_cross, layout_diamond_mine,
          lightli_volcano_entry_magma_tube, nicolae_orc_sculptors_studio,
          uniq_snorg

Skill      XL: |  1  2  3  4  5  6  7  8  9 10 11 12 13 14 15 16 |
---------------+-------------------------------------------------+-----
Axes           | 3 4 5 6 8 9 11 12 14 16 17 18 | 18.0
Fighting       | 5 7 9 11 12 13 | 13.9
Invocations    | 6 8 9 13 14 15 | 15.7
Shields        | 4 |  4.0
Armour         | 7 9 11 12 13 | 13.4
Evocations     | 6 |  6.5
Slings         | 5 6 |  6.0
Bows           | 4 8 9 10 12 | 12.2

Action                   |  1- 3 |  4- 6 |  7- 9 | 10-12 | 13-15 | 16-18 || total
-------------------------+-------+-------+-------+-------+-------+-------++-------
Melee: War axe           |    38 |    29 |   295 |   351 |   267 |       ||   980
       Dagger            |    72 |   172 |       |       |       |       ||   244
       Hunting sling     |       |       |       |     1 |       |       ||     1
       Broad axe         |       |       |       |       |   220 |   150 ||   370
 Fire: Hunting sling     |       |       |    25 |   257 |       |       ||   282
       Longbow           |       |       |       |     2 |   415 |   206 ||   623
Throw: Stone             |    26 |    23 |    12 |       |     3 |       ||    64
       Dart              |       |       |     9 |     5 |       |       ||    14
Invok: Convert to Beogh  |       |     1 |       |       |       |       ||     1
       Smiting           |       |       |     3 |    28 |    57 |    23 ||   111
Evoke: Wand              |       |       |       |    27 |    73 |     8 ||   108
       Tin of tremorston |       |       |       |       |     3 |     2 ||     5
       Phial of floods   |       |       |       |       |     4 |     2 ||     6
  Use: Potion            |       |     7 |     5 |     4 |     8 |    10 ||    34
       Scroll            |       |    10 |     6 |     6 |    11 |     5 ||    38
 Stab: Paralysed         |       |       |       |       |     2 |       ||     2
       Distracted        |       |       |       |       |     1 |     1 ||     2
Armor: Scale mail        |    37 |     1 |       |       |       |       ||    38
       Plate armour      |       |   105 |   160 |   303 |   110 |       ||   678
       Storm dragon scal |       |       |       |       |   285 |       ||   285
       Gold dragon scale |       |       |       |       |    86 |   245 ||   331
Dodge: Dodged            |    38 |    51 |    78 |   156 |   246 |    63 ||   632
Block: Buckler           |    22 |    38 |    58 |    79 |       |       ||   197

Table legend: (Time is in decaauts)
 A = Elapsed time spent in this place.
 B = Non-inter-level travel time spent in this place.
 C = Inter-level travel time spent in this place.
 D = Time resting spent in this place.
 E = Time spent auto-exploring this place.
 F = Levels seen in this place.
 G = Mean time per level.
                   A        B        C        D        E       F      G
               +--------+--------+--------+--------+--------+-----+--------+
         Total |  46576 |  43236 |   3340 |  15886 |  19875 |  26 | 1791.4 |
       Dungeon |  27058 |  24581 |   2477 |   9584 |  10876 |  15 | 1803.9 |
          Lair |  11113 |  10662 |    451 |   3078 |   5712 |   6 | 1852.2 |
     Snake Pit |   5485 |   5386 |     99 |   2653 |   1840 |   3 | 1828.3 |
  Orcish Mines |   2919 |   2607 |    312 |    570 |   1446 |   2 | 1459.5 |
               +--------+--------+--------+--------+--------+-----+--------+

Top non-repeatable levels by time:
     D:1: 2765 daAuts
  Lair:6: 2757 daAuts
  Lair:5: 2664 daAuts
 Snake:2: 2395 daAuts
 Snake:1: 2295 daAuts
    D:11: 2188 daAuts
    D:12: 2183 daAuts
     D:3: 2131 daAuts
     D:2: 2079 daAuts
    D:13: 2033 daAuts
  Lair:3: 1977 daAuts
   Orc:2: 1958 daAuts
     D:6: 1841 daAuts
    D:14: 1716 daAuts
     D:4: 1672 daAuts
